[Event "ICC tourney 1904 (10 3)"]
[Site "Internet Chess Club"]
[Date "2020.07.05"]
[Round "3"]
[White "BobbyFissure"]
[Black "blackmanrook"]
[Result "0-1"]
[ICCResult "White resigns"]
[WhiteElo "1442"]
[BlackElo "1669"]
[Opening "R?ti opening"]
[ECO "A04"]
[NIC "QP.11"]
[Time "13:15:28"]
[TimeControl "600+3"]

1. Nf3 c6 2. b3 d5 3. Bb2 Nf6 4. g3 Bg4 5. Bg2 e6 6. Ne5 Nbd7 7. Nxg4 Nxg4
8. h3 Ngf6 9. Nc3 b5 10. e3 Be7 11. Qe2 O-O 12. a3 a6 13. b4 a5 14. bxa5
Qxa5 15. O-O Nb6 16. d3 Rfb8 17. Qf3 Na4 18. Nxa4 Qxa4 19. Rfc1 Ra6 20. g4
h6 21. e4 Nh7 22. exd5 cxd5 23. Be5 Rc8 24. Qe2 Bg5 25. f4 Bxf4 26. Bxf4
Qxf4 27. c4 bxc4 28. dxc4 Rxa3 29. Rxa3 Qxc1+ 30. Kh2 Qxa3 31. cxd5 exd5
{White resigns}
0-1

[Event "ICC tourney 1904 (10 3)"]
[Site "Internet Chess Club"]
[Date "2020.07.05"]
[Round "3"]
[White "Ghostrook"]
[Black "edgei33"]
[Result "0-1"]
[ICCResult "White resigns"]
[WhiteElo "1328"]
[BlackElo "1447"]
[Opening "Robatsch defense: three pawns attack"]
[ECO "B06"]
[NIC "KF.05"]
[Time "13:16:05"]
[TimeControl "600+3"]

1. e4 g6 2. d4 Bg7 3. f4 d6 4. e5 dxe5 5. fxe5 c5 6. c3 Nc6 7. Nf3 Bg4 8.
Bb5 cxd4 9. cxd4 Qb6 10. Nc3 e6 11. Bxc6+ Qxc6 12. O-O Ne7 13. Bg5 Nf5 14.
Rc1 h6 15. h3 Bxf3 16. Qxf3 Qxf3 17. Rxf3 hxg5 18. g4 Nxd4 19. Rd3
{White resigns}
0-1

[Event "ICC tourney 1904 (10 3)"]
[Site "Internet Chess Club"]
[Date "2020.07.05"]
[Round "3"]
[White "DankMemer"]
[Black "Jeffchess"]
[Result "0-1"]
[ICCResult "White checkmated"]
[WhiteElo "1256"]
[BlackElo "1325"]
[Opening "Queen's pawn"]
[ECO "A40"]
[NIC "QO.17"]
[Time "13:16:05"]
[TimeControl "600+3"]

1. d4 a6 2. e4 b6 3. Nf3 e6 4. Bf4 d6 5. Bd3 h6 6. O-O Be7 7. c3 Bh4 8. Nbd2
Bb7 9. Qa4+ b5 10. Qc2 g5 11. Bg3 Bxg3 12. fxg3 Nd7 13. a4 c6 14. Rae1 c5
15. dxc5 Nxc5 16. axb5 Qb6 17. bxa6 Nxd3+ 18. Kh1 Bxa6 19. Rb1 Nf2+ 20. Rxf2
Qxf2 21. Qa4+ Kf8 22. Qd7 Kg7 23. Qxd6 Nf6 24. e5 Nd5 25. c4 Ne3 26. Rg1
Rhd8 27. Qe7 Nf5 28. Qf6+ Kf8 29. Qh8+ Ke7 30. Qf6+ Kd7 31. Qxf7+ Kc6 32.
Qxe6+ Kc7 33. Qxf5 Rxd2 34. Qh7+ Rd7 35. Qxh6 Bxc4 36. Qxg5 Qxb2 37. Qf4 Be6
38. Ng5 Qb6 39. Rc1+ Kb7 40. Qe4+ Bd5 41. Qc2 Rc7 42. Qd2 Rxc1+ 43. Qxc1 Rc8
44. Qd2 Qb1+ 45. Qe1 Qxe1# {White checkmated} 0-1

[Event "ICC tourney 1904 (10 3)"]
[Site "Internet Chess Club"]
[Date "2020.07.05"]
[Round "3"]
[White "squaling"]
[Black "atharvamchess"]
[Result "0-1"]
[ICCResult "White checkmated"]
[WhiteElo "1142"]
[BlackElo "1259"]
[Opening "Scotch gambit"]
[ECO "C44"]
[NIC "SO.06"]
[Time "13:15:16"]
[TimeControl "600+3"]

1. e4 e5 2. Nf3 Nc6 3. d4 exd4 4. Bc4 Bc5 5. c3 dxc3 6. Bxf7+ Kxf7 7. Qd5+
Kf8 8. Qxc5+ Qe7 9. Qxe7+ Kxe7 10. Nxc3 Nf6 11. e5 Ne8 12. Nd5+ Kf7 13. Ng5+
Kg8 14. O-O h6 15. Nf3 Kh7 16. Re1 g5 17. Be3 b6 18. Nd4 Nxd4 19. Bxd4 Rf8
20. Rac1 c6 21. Nb4 c5 22. Bxc5 bxc5 23. Rxc5 Bb7 24. e6 dxe6 25. Rxe6 Rf7
26. Rce5 Ng7 27. Nd5 Bxd5 28. Rxd5 Nxe6 29. Re5 Rd8 30. h4 Rf6 31. hxg5 Nxg5
32. Re7+ Rf7 33. Rxf7+ Nxf7 34. Kh2 Rd2 35. Kh3 Rxb2 36. g4 Rxf2 37. Kh4
Rxa2 38. g5 hxg5+ 39. Kh5 Rh2+ 40. Kg4 Ne5+ 41. Kxg5 a5 42. Kf4 a4 43. Kg3
a3 44. Kxh2 a2 45. Kg3 a1=Q 46. Kf4 Qd4+ 47. Kf5 Qg4+ 48. Kf6 Qg6+ 49. Kxe5
Qf7 50. Kd4 Qe6 51. Kc3 Qd5 52. Kb2 Qc4 53. Ka1 Qb4 54. Ka2 Kg6 55. Ka1 Kf5
56. Ka2 Ke4 57. Ka1 Kd3 58. Ka2 Kc2 59. Ka1 Qb2# {White checkmated} 0-1

[Event "ICC tourney 1904 (10 3)"]
[Site "Internet Chess Club"]
[Date "2020.07.05"]
[Round "3"]
[White "imranchamp"]
[Black "Ben2008"]
[Result "1/2-1/2"]
[ICCResult "Game drawn by mutual agreement"]
[WhiteElo "1362"]
[BlackElo "1283"]
[Opening "Sicilian: closed"]
[ECO "B23"]
[NIC "SI.44"]
[Time "13:16:05"]
[TimeControl "600+3"]

1. e4 c5 2. Nc3 d6 3. f4 Nf6 4. Nf3 Nc6 5. Bc4 e6 6. O-O Be7 7. d3 O-O 8. f5
Na5 9. fxe6 fxe6 10. Qe1 Nxc4 11. dxc4 b6 12. Qh4 Nd5 13. Ng5 Rxf1+ 14. Kxf1
Nf6 15. Be3 h6 16. Nf3 Nd5 17. Qe1 Nxe3+ 18. Qxe3 Bb7 19. Rd1 Qc7 20. e5
dxe5 21. Nxe5 Bf6 22. Ng4 Qf7 {Game drawn by mutual agreement} 1/2-1/2

[Event "ICC tourney 1904 (10 3)"]
[Site "Internet Chess Club"]
[Date "2020.07.05"]
[Round "3"]
[White "DrKnight01"]
[Black "JensenUVA"]
[Result "0-1"]
[ICCResult "White resigns"]
[WhiteElo "1281"]
[BlackElo "1460"]
[Opening "Richter-Veresov attack, Veresov variation"]
[ECO "D01"]
[NIC "QP.07"]
[Time "13:15:29"]
[TimeControl "600+3"]

1. d4 Nf6 2. Nc3 d5 3. Bg5 Bf5 4. Bxf6 exf6 5. Nf3 Bb4 6. e3 h6 7. Bd3 Bxd3
8. Qxd3 c6 9. a3 Ba5 10. O-O O-O 11. e4 dxe4 12. Nxe4 Bb6 13. c3 Nd7 14.
Rad1 c5 15. dxc5 Nxc5 16. Nxc5 Bxc5 17. Qc4 Qc7 18. Qg4 Rad8 19. Rde1 Rfe8
20. Nh4 Kh7 21. Nf5 g6 22. Ne3 Bxe3 23. fxe3 f5 24. Qe2 Re4 25. Rf3 Rde8 26.
Ref1 Qb6 27. Re1 f4 28. Rh3 Rxe3 29. Rxe3 Rxe3 {White resigns} 0-1

[Event "ICC tourney 1904 (10 3)"]
[Site "Internet Chess Club"]
[Date "2020.07.05"]
[Round "3"]
[White "hursha6b5"]
[Black "hackerguru"]
[Result "0-1"]
[ICCResult "White resigns"]
[WhiteElo "1664"]
[BlackElo "1416"]
[Opening "Sicilian: Labourdonnais-L?wenthal (Kalashnikov) variation"]
[ECO "B32"]
[NIC "SI.32"]
[Time "13:15:32"]
[TimeControl "600+3"]

1. e4 c5 2. Nf3 Nc6 3. d4 cxd4 4. Nxd4 e5 5. Nb5 d6 6. c4 Be7 7. N1c3 a6 8.
Na3 f5 9. exf5 Bxf5 10. Nd5 Nf6 11. Nxf6+ Bxf6 12. Be3 O-O 13. Nc2 Bxc2 14.
Qxc2 Bg5 15. Qd2 Bxe3 16. Qxe3 Nd4 17. Bd3 Qf6 18. O-O Rae8 19. Qe4 g6 20.
Qxb7 Qg5 21. Qd5+ Kg7 22. Kh1 Rf6 23. c5 dxc5 24. Qd7+ Kf8 25. Qxh7 Ne6 26.
Rad1 Nf4 27. Be4 Rf7 28. Qh8+ Ke7 29. Rd7+ Kxd7 30. Bc6+ Kxc6 31. Qxe8+ Rd7
32. Qc8+ Rc7 33. Qxa6+ Kd5 34. Qa8+ Ke6 35. Qe8+ Re7 36. Qc6+ Kf7 37. Qf3 e4
38. Qg3 Qf5 39. Qb3+ Qd5 40. Qg3 g5 41. h4 Qd3 42. Rc1 Qxg3 43. fxg3 Nd3 44.
Rf1+ Kg6 45. Rf8 e3 46. Rg8+ Kh7 47. Rxg5 e2 48. Rh5+ Kg8 49. Rg5+ Kf8 50.
Rf5+ Ke8 {White resigns} 0-1

[Event "ICC tourney 1904 (10 3)"]
[Site "Internet Chess Club"]
[Date "2020.07.05"]
[Round "3"]
[White "ivo20"]
[Black "MGrei"]
[Result "1/2-1/2"]
[ICCResult "Black stalemated"]
[WhiteElo "1288"]
[BlackElo "1233"]
[Opening "Sicilian defense"]
[ECO "B20"]
[NIC "SI.48"]
[Time "13:15:32"]
[TimeControl "600+3"]

1. e4 c5 2. Bc4 e6 3. a3 Nc6 4. c3 Nge7 5. Nf3 g6 6. d3 Bg7 7. Be3 d5 8.
exd5 exd5 9. Bb5 Qd6 10. O-O O-O 11. Qd2 Re8 12. Bh6 Bh8 13. Re1 a6 14. Bxc6
Qxc6 15. Qf4 Bf5 16. Ne5 Qd6 17. g4 Be6 18. d4 c4 19. g5 Nf5 20. Nd2 Bd7 21.
Ndf3 Be6 22. Re2 Nxh6 23. gxh6 f6 24. Nxg6 Qxf4 25. Nxf4 Bg4 26. Kg2 Kf7 27.
Rae1 Rxe2 28. Rxe2 Re8 29. Rxe8 Kxe8 30. Nxd5 f5 31. h3 Bh5 32. Ne5 b5 33.
Nc7+ Ke7 34. Nxa6 Bxe5 35. dxe5 Ke6 36. f4 Be8 37. Nc7+ Kf7 38. Nxe8 Kxe8
39. Kf3 Kf7 40. Ke3 Ke6 41. Kd4 Kf7 42. Kc5 Kg6 43. Kxb5 Kxh6 44. a4 Kh5 45.
a5 Kh4 46. a6 Kxh3 47. a7 Kg3 48. a8=Q h5 49. Kxc4 h4 50. Kd3 h3 51. Ke2 Kh2
52. Kf2 {Black stalemated} 1/2-1/2

[Event "ICC tourney 1904 (10 3)"]
[Site "Internet Chess Club"]
[Date "2020.07.05"]
[Round "3"]
[White "Priccchess"]
[Black "hanslaw"]
[Result "1-0"]
[ICCResult "Black checkmated"]
[WhiteElo "1484"]
[BlackElo "1175"]
[Opening "Giuoco Pianissimo"]
[ECO "C50"]
[NIC "IG.02"]
[Time "13:16:05"]
[TimeControl "600+3"]

1. e4 e5 2. Nf3 Nc6 3. Bc4 Bc5 4. d3 d6 5. h3 h6 6. Nc3 Nf6 7. Be3 Bb6 8.
O-O O-O 9. d4 Nxe4 10. Nxe4 d5 11. Bxd5 Qxd5 12. Nc3 Qd6 13. dxe5 Nxe5 14.
Qxd6 Nxf3+ 15. gxf3 cxd6 16. Bxb6 axb6 17. Kg2 Re8 18. Rad1 Be6 19. a3 Rad8
20. Rfe1 f6 21. Nd5 Bxd5 22. Rxe8+ Rxe8 23. Rxd5 Re2 24. Rxd6 Rxc2 25. Rxb6
Rc7 26. b4 Kf7 27. a4 g5 28. Kg3 Kg6 29. a5 Rd7 30. b5 Rc7 31. h4 Kh5 32.
Rxf6 Rc5 33. Rb6 Rc7 34. hxg5 hxg5 35. f4 gxf4+ 36. Kxf4 Rf7+ 37. Ke5 Rd7
38. f4 Kh4 39. f5 Kg5 40. f6 Kg6 41. a6 bxa6 42. bxa6 Ra7 43. f7+ Kxf7 44.
Rb7+ Rxb7 45. axb7 Kg7 46. b8=Q Kh6 47. Qg8 Kh5 48. Kf5 Kh4 49. Qg4#
{Black checkmated}
1-0

[Event "ICC tourney 1904 (10 3)"]
[Site "Internet Chess Club"]
[Date "2020.07.05"]
[Round "3"]
[White "PearsonH"]
[Black "Viking21"]
[Result "1-0"]
[ICCResult "Black resigns"]
[WhiteElo "1430"]
[BlackElo "1524"]
[Opening "Queen's pawn, Mason variation"]
[ECO "D00"]
[NIC "QP.08"]
[Time "13:15:20"]
[TimeControl "600+3"]

1. d4 d5 2. Bf4 Nf6 3. e3 e6 4. Nf3 c5 5. c3 Bd6 6. Bg3 Nc6 7. Nbd2 O-O 8.
Bd3 Re8 9. Ne5 Qc7 10. f4 b6 11. O-O Bb7 12. Qf3 Ne7 13. Bh4 Nd7 14. Bxh7+
Kf8 15. Qh5 Bxe5 16. fxe5 Nxe5 17. dxe5 Nc6 18. Bg6 {Black resigns} 1-0

[Event "ICC tourney 1904 (10 3)"]
[Site "Internet Chess Club"]
[Date "2020.07.05"]
[Round "3"]
[White "pipandchuk"]
[Black "Zwish"]
[Result "0-1"]
[ICCResult "White resigns"]
[WhiteElo "1229"]
[BlackElo "1097"]
[Opening "Sicilian defense"]
[ECO "B20"]
[NIC "SI.48"]
[Time "13:15:26"]
[TimeControl "600+3"]

1. e4 c5 2. c4 e6 3. d3 a6 4. Nf3 Nc6 5. Nc3 g6 6. h4 h5 7. Be3 Bg7 8. Be2
b6 9. a3 Nge7 10. d4 cxd4 11. Nxd4 Qc7 12. O-O Bb7 13. Rc1 Ne5 14. b3 Rc8
15. f4 Ng4 16. Bxg4 hxg4 17. Qxg4 Qd6 18. Rfd1 Qxa3 19. Ncb5 Qb4 20. e5 axb5
21. Nxb5 Nf5 22. Bxb6 Rxh4 23. Qg5 Qe7 24. Qxe7+ Kxe7 25. Ba5 Rg4 26. Bb4+
Ke8 27. Bd6 Rxg2+ 28. Kf1 Ng3+ {White resigns} 0-1

[Event "ICC tourney 1904 (10 3)"]
[Site "Internet Chess Club"]
[Date "2020.07.05"]
[Round "3"]
[White "atippa"]
[Black "krishghosh"]
[Result "1-0"]
[ICCResult "Black resigns"]
[WhiteElo "1400"]
[BlackElo "1193"]
[Opening "English: Neo-Catalan"]
[ECO "A13"]
[NIC "RE.11"]
[Time "13:15:11"]
[TimeControl "600+3"]

1. Nf3 d5 2. c4 e6 3. g3 Nf6 4. Bg2 c6 5. cxd5 cxd5 6. O-O Nc6 7. e3 Bd6 8.
b3 b6 9. Bb2 Bb7 10. d3 O-O 11. Nbd2 Rc8 12. e4 dxe4 13. dxe4 e5 14. Re1 Bb4
15. a3 Bd6 16. Nc4 Bc5 17. Nfxe5 Qxd1 18. Raxd1 Rcd8 19. Nxc6 Bxc6 20. Bxf6
gxf6 21. b4 Bd4 22. e5 Bxg2 23. Kxg2 fxe5 24. Nxe5 Bb2 25. Nc4 Bc3 26. Rxd8
Rxd8 27. Re7 b5 28. Ne5 Bxe5 29. Rxe5 Rd3 30. Re3 Rxe3 31. fxe3 Kg7 32. Kf3
Kf6 33. Kf4 h6 34. Ke4 Ke6 35. h4 f5+ 36. Kd4 Kd6 37. e4 fxe4 38. Kxe4 Ke6
39. g4 Kf6 40. g5+ hxg5 41. hxg5+ Kxg5 42. Kd5 Kf6 43. Kc5 Ke7 44. Kxb5 Kd7
45. Ka6 Kc8 46. Kxa7 Kc7 47. a4 Kc8 48. b5 Kc7 49. a5 Kc8 50. b6 Kd8 51. b7
{Black resigns}
1-0

[Event "ICC tourney 1904 (10 3)"]
[Site "Internet Chess Club"]
[Date "2020.07.05"]
[Round "3"]
[White "JGroder"]
[Black "persianking"]
[Result "1-0"]
[ICCResult "Black checkmated"]
[WhiteElo "1478"]
[BlackElo "1530"]
[Opening "Scandinavian: Pytel-Wade variation"]
[ECO "B01"]
[NIC "SD.02"]
[Time "13:15:18"]
[TimeControl "600+3"]

1. e4 d5 2. exd5 Qxd5 3. Nc3 Qd6 4. d4 Nf6 5. Nf3 Bg4 6. Be2 c6 7. h3 Bh5 8.
O-O Nbd7 9. Re1 e6 10. Be3 Qc7 11. a3 Bd6 12. g4 Bg6 13. Nh4 O-O-O 14. Nxg6
hxg6 15. Bf1 Rh7 16. b4 Rdh8 17. b5 c5 18. a4 Bh2+ 19. Kh1 Rxh3 20. Bxh3
Rxh3 21. Kg2 Rh4 22. g5 Rg4+ 23. Kh1 Rh4 24. Kg2 Ng4 25. Ne4 Nxe3+ 26. Rxe3
Bf4 27. Rh3 Rxh3 28. Kxh3 cxd4 29. Ra3 Qe5 30. Qd3 f5 31. gxf6 gxf6 32. Ng3
Nc5 33. Qxg6 Nd7 34. Qg8+ Kc7 35. a5 Qc5 36. b6+ axb6 37. axb6+ Nxb6 38.
Qf7+ Nd7 39. Rb3 Qxc2 40. Qxe6 Qh7+ 41. Kg2 Bxg3 42. Kxg3 Qg6+ 43. Qg4 Qc2
44. Rf3 d3 45. Qd4 d2 46. Rd3 Ne5 47. Qd6+ Kc8 48. Qd8# {Black checkmated}
1-0

[Event "ICC tourney 1904 (10 3)"]
[Site "Internet Chess Club"]
[Date "2020.07.05"]
[Round "3"]
[White "oxdidi"]
[Black "CastledQueen"]
[Result "0-1"]
[ICCResult "White checkmated"]
[WhiteElo "1120"]
[BlackElo "1490"]
[Opening "QP counter-gambit (elephant gambit)"]
[ECO "C40"]
[NIC "KP.10"]
[Time "13:16:05"]
[TimeControl "600+3"]

1. e4 e5 2. Nf3 d5 3. exd5 e4 4. Qe2 Nf6 5. d3 Be7 6. dxe4 O-O 7. Nc3 Re8 8.
Bd2 c6 9. g3 cxd5 10. Bg2 dxe4 11. Ng5 Nc6 12. Ngxe4 Nxe4 13. Bxe4 Nd4 14.
Qh5 f5 15. Bd5+ Kh8 16. O-O g6 17. Qh3 f4 18. Qg2 f3 19. Bxf3 Nxf3+ 20. Qxf3
Qxd2 21. Qe4 Bf5 22. Qe5+ Kg8 23. Nd5 Kf7 24. Rad1 Qa5 25. Rfe1 Rad8 26. g4
Bxg4 27. Qf4+ Bf5 28. Nxe7 Rxd1 29. Rxd1 Rxe7 30. b4 Qxa2 31. Rd4 Qxc2 32.
Rd2 Re1+ 33. Kg2 Qc6+ 34. Kg3 Rg1+ 35. Kh4 Qf6+ 36. Qg5 Qxg5# {White
checkmated} 0-1

[Event "ICC tourney 1904 (10 3)"]
[Site "Internet Chess Club"]
[Date "2020.07.05"]
[Round "3"]
[White "mathewjiang"]
[Black "Mitochondria"]
[Result "0-1"]
[ICCResult "White forfeits on time"]
[WhiteElo "1174"]
[BlackElo "1213"]
[Opening "King's Indian: orthodox, Aronin-Taimanov, bayonet attack"]
[ECO "E97"]
[NIC "KI.05"]
[Time "13:16:05"]
[TimeControl "600+3"]

1. d4 Nf6 2. c4 g6 3. Nc3 Bg7 4. e4 d6 5. Nf3 O-O 6. Be2 e5 7. O-O Nc6 8. d5
Ne7 9. b4 Nd7 10. a4 f5 11. Nd2 f4 12. f3 g5 13. Ba3 Ng6 14. c5 Rf6 15. Nc4
Bf8 16. cxd6 cxd6 17. b5 b6 18. a5 h5 19. Rc1 Nh8 20. Na2 Nf7 21. Nb4 Rg6
22. Nc6 Qe8 23. Qa4 Nc5 {White forfeits on time} 0-1

[Event "ICC tourney 1904 (10 3)"]
[Site "Internet Chess Club"]
[Date "2020.07.05"]
[Round "3"]
[White "mrneale"]
[Black "steinutz"]
[Result "1-0"]
[ICCResult "Black resigns"]
[WhiteElo "1332"]
[BlackElo "1576"]
[Opening "Modern defense"]
[ECO "A40"]
[NIC "QP.03"]
[Time "13:15:38"]
[TimeControl "600+3"]

1. d4 g6 2. Nf3 Bg7 3. Bf4 Nf6 4. e3 d6 5. Bd3 O-O 6. Nbd2 Nc6 7. c3 Re8 8.
h3 e5 9. Bg5 h6 10. Bxf6 Qxf6 11. dxe5 Nxe5 12. Nxe5 Qxe5 13. Nf3 Qa5 14.
O-O Bd7 15. Qb3 Bc6 16. Bxg6 Bxf3 17. Bxf7+ Kh8 18. Bxe8 Qg5 19. g3 Be5 20.
Qf7 Be4 21. h4 Qg4 22. Qh5 Qh3 23. Qxh6+ Kg8 24. Qg5+ Kf8 25. f3 Bf5 26. Rf2
Kxe8 27. Rh2 Qxg3+ 28. Qxg3 Bxg3 29. Rg2 Kf7 30. Rxg3 Rh8 31. Kg2 Rxh4 32.
Rh1 Ra4 33. a3 Ra6 34. e4 Bg6 35. Rh6 d5 36. Rhxg6 Rxg6 37. Rxg6 Kxg6 38.
exd5 Kf6 39. Kg3 Ke5 40. c4 Kd4 41. f4 Kxc4 42. Kg4 Kxd5 43. Kf5 Kd6 44. Kf6
c5 45. f5 b5 46. Kf7 a5 47. f6 b4 48. axb4 axb4 49. Ke8 c4 50. f7 c3 51.
f8=Q+ Kd5 52. b3 Kd4 53. Qxb4+ Kd3 54. Qd6+ Kc2 55. b4 Kb2 56. b5 c2 57.
Qb4+ Ka2 58. Qc3 Kb1 59. Qb3+ Kc1 60. b6 Kd2 61. Qb2 Kd1 62. Qd4+ Ke2 63.
Qc3 Kd1 64. Qd3+ Kc1 65. b7 {Black resigns} 1-0

[Event "ICC tourney 1904 (10 3)"]
[Site "Internet Chess Club"]
[Date "2020.07.05"]
[Round "3"]
[White "tigerche207"]
[Black "Lock5"]
[Result "1-0"]
[ICCResult "Black resigns"]
[WhiteElo "1410"]
[BlackElo "1313"]
[Opening "Sicilian: Najdorf"]
[ECO "B90"]
[NIC "SI.14"]
[Time "13:15:28"]
[TimeControl "600+3"]

1. e4 c5 2. Nf3 d6 3. d4 cxd4 4. Nxd4 Nf6 5. Nc3 a6 6. f3 b5 7. Be3 Bb7 8.
Qd2 Nbd7 9. O-O-O e6 10. g4 h6 11. h4 Be7 12. g5 hxg5 13. Bxg5 Rc8 14. h5
Ne5 15. Kb1 Qc7 16. Bh3 b4 17. Nce2 Nxf3 18. Qe3 Nxg5 19. Qxg5 Nxh5 20. Qg2
Nf6 21. Bxe6 Rxh1 22. Rxh1 fxe6 23. Qg6+ Kd7 24. Qf7 e5 25. Qe6+ Kd8 26.
Rh8+ Ne8 27. Qf7 Kd7 28. Qf5+ Kd8 29. Ne6+ Kd7 30. Nxc7+ Kxc7 31. Qe6
{Black resigns}
1-0

[Event "ICC tourney 1904 (10 3)"]
[Site "Internet Chess Club"]
[Date "2020.07.05"]
[Round "3"]
[White "Mueffling"]
[Black "Harbingerman"]
[Result "1-0"]
[ICCResult "Black resigns"]
[WhiteElo "1266"]
[BlackElo "927"]
[Opening "Queen's pawn"]
[ECO "A40"]
[NIC "QO.17"]
[Time "13:16:05"]
[TimeControl "600+3"]

1. d4 c6 2. Bf4 d5 3. e3 Nf6 4. Bd3 Bg4 5. Nf3 e6 6. c3 c5 7. b3 Nbd7 8.
Nbd2 cxd4 9. exd4 Be7 10. Be5 Nxe5 11. dxe5 Nd7 12. h3 Bh5 13. O-O Bxf3 14.
Nxf3 Qc7 15. Rc1 Nc5 16. c4 Nxd3 17. Qxd3 O-O-O 18. cxd5 Rxd5 19. Rxc7+ Kxc7
20. Qc4+ Kb8 21. Rc1 Rdd8 22. Qc7+ Ka8 23. Qxe7 Rde8 24. Qc7 f6 25. Nd4 fxe5
26. Nc6 Rc8 27. Qxg7 Rhg8 28. Qd7 Rgd8 29. Nxd8 Rxc1+ 30. Kh2 {Black
resigns} 1-0

[Event "ICC tourney 1904 (10 3)"]
[Site "Internet Chess Club"]
[Date "2020.07.05"]
[Round "3"]
[White "MIEMBR"]
[Black "NSXchessplayer"]
[Result "1-0"]
[ICCResult "Black resigns"]
[WhiteElo "1591"]
[BlackElo "1385"]
[Opening "Neo-Gr?nfeld, 6.O-O"]
[ECO "D77"]
[NIC "GI.02"]
[Time "13:15:35"]
[TimeControl "600+3"]

1. d4 d5 2. Nf3 Nf6 3. g3 g6 4. Bg2 Bg7 5. O-O O-O 6. c4 e6 7. Qc2 c6 8.
Nbd2 Nbd7 9. e4 dxe4 10. Nxe4 Nxe4 11. Qxe4 Re8 12. Rd1 Qe7 13. Bg5 f6 14.
Be3 e5 15. d5 f5 16. Qc2 c5 17. Ng5 e4 18. Ne6 Ne5 19. Bxc5 Qf7 20. Nxg7
Kxg7 21. Bd4 Kg8 22. Qc3 Nd7 23. b4 b6 24. f3 exf3 25. Bxf3 Bb7 26. Re1
Rxe1+ 27. Rxe1 Re8 28. Re6 Nf8 29. Rf6 Qe7 30. c5 bxc5 31. bxc5 Ba6 32. Rxa6
Qe1+ 33. Qxe1 Rxe1+ 34. Kf2 Re7 35. d6 Rd7 36. Bc6 Rd8 37. Be5 Nd7 38. Bxd7
Rxd7 39. c6 Rf7 40. d7 Rf8 41. c7 {Black resigns} 1-0

[Event "ICC tourney 1904 (10 3)"]
[Site "Internet Chess Club"]
[Date "2020.07.05"]
[Round "3"]
[White "shamith"]
[Black "Nacaroa-Dan"]
[Result "0-1"]
[ICCResult "White resigns"]
[WhiteElo "1296"]
[BlackElo "1516"]
[Opening "English opening"]
[ECO "A10"]
[NIC "EO.64"]
[Time "13:15:58"]
[TimeControl "600+3"]

1. c4 g6 2. e3 Bg7 3. Nc3 c5 4. Nf3 Nc6 5. b3 d6 6. Bb2 e5 7. d3 Nge7 8. Be2
O-O 9. a3 a6 10. Qc2 Be6 11. O-O Rb8 12. Rfd1 h6 13. Bf1 Bg4 14. Ne2 Bxf3
15. gxf3 Nf5 16. f4 Qh4 17. Bg2 Rfe8 18. Qd2 exf4 19. Bxg7 fxe3 20. fxe3
Kxg7 21. e4 Nfd4 22. Nxd4 Nxd4 23. Qf2 Qg5 24. Rf1 Rf8 25. h4 Qe5 26. Rae1
Nxb3 27. Re3 Nd4 28. Bh3 b5 29. Rg3 Ne2+ {White resigns} 0-1

[Event "ICC tourney 1904 (10 3)"]
[Site "Internet Chess Club"]
[Date "2020.07.05"]
[Round "3"]
[White "TheOrcaPro"]
[Black "Sanyi9Pakh"]
[Result "1-0"]
[ICCResult "Black forfeits on time"]
[WhiteElo "1497"]
[BlackElo "1538"]
[Opening "Scandinavian defense"]
[ECO "B01"]
[NIC "SD.03"]
[Time "13:15:14"]
[TimeControl "600+3"]

1. e4 d5 2. exd5 Nf6 3. Nc3 Nxd5 4. Nxd5 Qxd5 5. Nf3 Bg4 6. Be2 e6 7. h3 Bh5
8. O-O Bd6 9. c4 Qa5 10. a3 O-O 11. d4 c5 12. Bd2 Qb6 13. Bc3 Nc6 14. d5
Rad8 15. dxc6 Bh2+ 16. Kxh2 Rxd1 17. Raxd1 Qxc6 18. Rd2 Qe4 19. Rfd1 a6 20.
Rd8 Qxe2 21. R1d2 Qxc4 22. Ne5 Qf4+ 23. g3 Qg5 24. g4 Bg6 25. Rxf8+ Kxf8 26.
Kg3 f6 27. f4 Qh6 28. Nd7+ Ke7 29. Nxc5 Be8 30. Nxb7 Bc6 31. Bb4+ Ke8 32.
Nd6+ {Black forfeits on time} 1-0

[Event "ICC tourney 1904 (10 3)"]
[Site "Internet Chess Club"]
[Date "2020.07.05"]
[Round "3"]
[White "chesslead"]
[Black "Chessmasterrus"]
[Result "1-0"]
[ICCResult "Black resigns"]
[WhiteElo "1566"]
[BlackElo "1487"]
[Opening "Caro-Kann: Panov-Botvinnik attack"]
[ECO "B13"]
[NIC "CK.03"]
[Time "13:15:54"]
[TimeControl "600+3"]

1. e4 c6 2. d4 d5 3. exd5 cxd5 4. c4 Nf6 5. Nc3 Nc6 6. Nf3 Bf5 7. cxd5 Nxd5
8. Bc4 Nxc3 9. bxc3 e6 10. O-O Bd6 11. Bg5 Qc7 12. d5 Ne5 13. Nxe5 Bxe5 14.
dxe6 fxe6 15. Qh5+ g6 16. Bb5+ Kf7 17. Qh4 a6 18. Be2 h6 19. Be3 g5 20. Qh5+
Bg6 21. Qf3+ Kg7 22. h3 Rhf8 23. Qg4 Bf5 24. Qh5 Bxc3 25. Rac1 Qe5 26. Rfd1
Rad8 27. h4 Rxd1+ 28. Rxd1 Bg6 29. Qg4 gxh4 30. Qxh4 h5 31. a4 Rf7 32. Qd8
Qf6 33. Qxf6+ Bxf6 34. Rd6 Re7 35. Bf3 Be5 36. Rd8 b5 37. a5 b4 38. Bc5 Rc7
39. Bxb4 Rc1+ 40. Rd1 Rc4 41. Bd6 Bc3 42. Be2 Re4 43. Bxa6 Ra4 44. Bc7 Bxa5
45. Bxa5 Rxa5 46. Bd3 Rd5 47. Be2 Re5 48. Bf3 Kf6 49. g3 Rg5 50. Kg2 h4 51.
g4 Rc5 52. Re1 Rc3 53. Be4 Be8 54. f3 Kg5 55. Rb1 Kf4 56. Rb8 Bb5 57. Rxb5
e5 58. Rb8 Ra3 59. Rh8 Ra2+ 60. Kh3 Ra1 61. Rf8+ Ke3 62. Kxh4 Rh1+ 63. Kg5
Rc1 64. Kf5 Rc5 65. g5 Rc7 66. g6 Kf2 67. Kf6 Kg3 68. g7 Kh4 69. g8=Q
{Black resigns}
1-0

[Event "ICC tourney 1904 (10 3)"]
[Site "Internet Chess Club"]
[Date "2020.07.05"]
[Round "3"]
[White "DEEEFENDER"]
[Black "clair"]
[Result "0-1"]
[ICCResult "White resigns"]
[WhiteElo "1148"]
[BlackElo "1311"]
[Opening "Robatsch (modern) defense"]
[ECO "A40"]
[NIC "KF.05"]
[Time "13:15:31"]
[TimeControl "600+3"]

1. d4 g6 2. e4 Bg7 3. Nf3 e6 4. Bd3 Ne7 5. O-O d6 6. c3 O-O 7. Be3 Nd7 8.
Qc1 Nf6 9. Bh6 b6 10. Bxg7 Kxg7 11. Nbd2 Bb7 12. Be2 Rc8 13. a3 Nxe4 14.
Nxe4 Bxe4 15. Qf4 Ba8 16. Bd3 h6 17. Qe3 Nd5 18. Qd2 Qf6 19. Rae1 Nf4 20.
Re3 Nxd3 21. Qxd3 Rfd8 22. Ne1 Qg5 23. Rg3 Qf6 24. f4 c5 25. Nc2 Qf5 26.
Qxf5 exf5 27. h3 Re8 28. dxc5 dxc5 29. Re3 Rcd8 30. Rfe1 Rxe3 31. Rxe3 Rd1+
32. Re1 Rd2 33. Ne3 Rxb2 34. g4 fxg4 35. hxg4 Ra2 36. f5 Rxa3 37. fxg6 fxg6
38. Rc1 b5 39. Kf2 Ra2+ 40. Kg3 a6 41. Kf4 Kf6 42. Rf1 Ra3 43. Kg3+ Kg5 44.
Rf8 Rxc3 45. Rxa8 Rxe3+ 46. Kf2 Ra3 47. Rd8 Kxg4 {White resigns} 0-1

[Event "ICC tourney 1904 (10 3)"]
[Site "Internet Chess Club"]
[Date "2020.07.05"]
[Round "3"]
[White "kralj8"]
[Black "Sricharan07"]
[Result "1-0"]
[ICCResult "Black resigns"]
[WhiteElo "1546"]
[BlackElo "1550"]
[Opening "French: Winawer, Alekhine gambit"]
[ECO "C15"]
[NIC "FR.08"]
[Time "13:15:15"]
[TimeControl "600+3"]

1. e4 e6 2. d4 d5 3. Nc3 Bb4 4. Ne2 dxe4 5. a3 Bxc3+ 6. Nxc3 Nf6 7. Bg5 Nbd7
8. Nxe4 O-O 9. Bd3 h6 10. Bxf6 Nxf6 11. c3 b6 12. Qe2 Bb7 13. O-O-O Qe7 14.
h4 Rac8 15. g4 Nd5 16. g5 Nf4 17. Qe3 Nxd3+ 18. Qxd3 Bxe4 19. Qxe4 hxg5 20.
hxg5 Qxg5+ 21. f4 Qf5 22. Qg2 f6 23. Rdg1 Qxf4+ 24. Kb1 g5 25. Rf1 Qe3 26.
Rh3 Qxh3 27. Qxh3 f5 28. Qh6 Kf7 29. Qxg5 Rg8 30. Qh5+ Kf6 31. d5
{Black resigns}
1-0